 Dungeon Crawl Stone Soup version 0.20-a0-738-gb057e68 (webtiles) character file.

74 Alarkh the Skirmisher (level 4, 7/37 HPs)
             Began as a Demonspawn Monk on Feb 23, 2017.
             Quit the game on level 2 of the Dungeon.
             The game lasted 00:01:35 (877 turns).

Alarkh the Skirmisher (Demonspawn Monk)              Turns: 877, Time: 00:01:35

Health: 7/37       AC:  2    Str: 12    XL:     4   Next: 9%
Magic:  4/4        EV: 11    Int: 12    God:
Gold:   54         SH:  7    Dex: 15    Spells: 3/3 levels left

rFire    . . .     SeeInvis .   a - +0 falchion
rCold    . . .     Gourm    .   j - +0 robe (curse)
rNeg     . . .     Faith    .   o - +0 shield
rPois    .         Spirit   .   (helmet restricted)
rElec    .         Reflect  .   (no cloak)
rCorr    .         Harm     .   (no gloves)
MR       .....                  (no boots)
Stlth    ++........             (no amulet)
Regen    0.2/turn               (no ring)
MPRegen  0.1/turn               (no ring)

@: no status effects
A: antennae 1, spiny 1
a: no special abilities


You were on level 2 of the Dungeon.
You were not hungry.

You visited 1 branch of the dungeon, and saw 2 of its levels.

You collected 54 gold pieces.

Inventory:

Hand Weapons
 a - a +0 falchion (weapon)
Armour
 b - a +0 robe
 j - a cursed +0 robe (worn)
 o - a +0 shield (worn)
Scrolls
 e - a scroll of identify
 f - 2 scrolls of enchant armour {unknown}
 i - a scroll of fear {unknown}
 k - a scroll of blinking {unknown}
 m - a scroll of random uselessness {unknown}
 n - a scroll of teleportation {unknown}
 p - a scroll of magic mapping {unknown}
Potions
 g - 2 potions of resistance
 h - a potion of curing
Comestibles
 c - 4 bread rations
 d - 2 chunks of flesh
 q - a royal jelly


   Skills:
 + Level 3.7 Fighting
 * Level 3.3 Long Blades
 + Level 3.1 Dodging
 - Level 1.7 Stealth
 + Level 1.1 Shields


You had 3 spell levels left.
You didn't know any spells.

Dungeon Overview and Level Annotations

Branches:
Dungeon (2/15)

Altars:


Innate Abilities, Weirdness & Mutations

You have a pair of small antennae on your head.
You are partially covered in sharp spines.


Message History

You closely miss the gnoll.
The gnoll is moderately wounded.
The gnoll is struck by your spines.
The gnoll hits you with an enchanted whip.
* * * LOW HITPOINT WARNING * * *
You hit the gnoll.
The gnoll is heavily wounded.
The gnoll is struck by your spines. The gnoll closely misses you.
You hit the gnoll.
The gnoll is almost dead.
You block the gnoll's attack.
You hit the gnoll.
You kill the gnoll!
You have reached level 4!
You feel stronger.
Your demonic ancestry asserts itself...
A pair of antennae grows on your head!
f - 2 scrolls labeled ATOABB EMISEA (gained 1)
Things that are here:
an enchanted whip; a gnoll corpse Are you sure you want to abandon this character and quit the game? (Confirm with "yes".)

# #.. # #.. # #.# # ######.# #
#....... #.##.... #.##.#..
#######.#####.....#.
#..@†......##.##.#.. #
##.####.###.##.##.#.. ...
######.g.###.###.##.......
#...##......#.............#.#.#
#......####...###.##..........#
#.#.#..# ##.## #.........#.###
#..?... #.# #...........#
.........##.# #........####
........g.....####.##...#.#


There were no monsters in sight!

Vanquished Creatures
  2 gnolls (D:2)
  2 adders (D:2)
  A dart slug (D:2)
  5 bats (D:1)
  A giant cockroach (D:1)
  5 goblins
  4 hobgoblins
  4 kobolds
  2 ball pythons (D:2)
  5 frilled lizards
  6 rats
37 creatures vanquished.

Notes
Turn   | Place    | Note
-------+----------+-------------------------------------------
     0 | D:1      | Alarkh the Demonspawn Monk began the quest for the Orb.
     0 | D:1      | Reached XP level 1. HP: 18/18 MP: 1/1
   165 | D:1      | Gained mutation: You are partially covered in sharp spines. [demonic ancestry]
   165 | D:1      | Reached XP level 2. HP: 21/24 MP: 2/2
   700 | D:2      | Reached XP level 3. HP: 27/29 MP: 3/3
   817 | D:2      | Reached skill level 1 in Shields
   874 | D:2      | Gained mutation: You have a pair of small antennae on your head. [demonic ancestry]
   874 | D:2      | Reached XP level 4. HP: 7/37 MP: 4/4
   877 | D:2      | Quit the game

Vault maps used:
D:1:      matt_arrival_refuge
D:2:      cheibrodos_greedy_goblins, first_bread, corexii_corridor_pit

Skill      XL: |  1  2  3 |
---------------+----------+-----
Long Blades    | 3 |  3.3
Dodging        | 3 |  3.1
Shields        | 1 |  1.1
Fighting       | |  3.7
Stealth        | |  1.7

Action                   |  1- 3 |  4- 6 || total
-------------------------+-------+-------++-------
Melee: Falchion          |    81 |       ||    81
  Use: Scroll            |     1 |       ||     1
       Potion            |     2 |       ||     2
 Stab: Sleeping          |     1 |       ||     1
Armor: Robe              |    16 |       ||    16
Dodge: Dodged            |    50 |       ||    50
Block: Shield            |    18 |       ||    18
       Rpst.: Falchion   |    17 |       ||    17
